| TOP OF THE 1ST |
|
Danville Braves batting - Pitching for Bristol Pirates : RHP Andres Guillen
|
|
Pitching: RHP Andres Guillen
|
|
|
Batting: RHB Danny Dimas
|
0-0: Bunt missed! 0-1: Called Strike 0-2: Ball 1-2: Strikes out swinging
|
|
Batting: RHB Vicente Guillen
|
0-0: Hit by Pitch
|
|
Batting: RHB Carlos Livas
|
0-0: Ball Vicente Guillen is caught stealing 2nd base 2-4 1-0: Called Strike 1-1: Foul Ball, location: 2F 1-2: Ball 2-2: Ball 3-2: Strikes out swinging
|
| Top of the 1st over - 0 runs, 0 hits, 0 errors, 0 left on base; Danville 0 - Bristol 0 |
| BOTTOM OF THE 1ST |
|
Bristol Pirates batting - Pitching for Danville Braves : LHP Bahrom Mohammad
|
|
Pitching: LHP Bahrom Mohammad
|
|
|
Batting: RHB Melvin Durland
|
0-0: Ball 1-0: SINGLE (Line Drive, 8LS, EV 95.6 MPH)
|
|
Batting: SHB Ronnie Brooks
|
0-0: Grounds into double play, 5-4-3 (Groundball, 56S, EV 85.0 MPH)
|
|
Batting: RHB Rusty Trader
|
0-0: Ball 1-0: Called Strike 1-1: Foul Ball, location: 2F 1-2: Ball 2-2: Strikes out swinging
|
| Bottom of the 1st over - 0 runs, 1 hit, 0 errors, 0 left on base; Danville 0 - Bristol 0 |
| TOP OF THE 2ND |
|
Danville Braves batting - Pitching for Bristol Pirates : RHP Andres Guillen
|
|
Batting: LHB Mitsujiro Tanaka
|
0-0: Ball 1-0: DOUBLE (Groundball, 3L, EV 100.0 MPH)
|
|
Batting: RHB Rodolfo Cosme
|
0-0: Ball 1-0: Swinging Strike 1-1: Foul Ball, location: 2F 1-2: Strikes out swinging
|
|
Batting: RHB Paul Holland
|
0-0: Ball 1-0: Ground out 4-3 (Groundball, 4, EV 80.6 MPH) Mitsujiro Tanaka to third
|
|
Batting: RHB Roberto Rios
|
0-0: Ball 1-0: Ball 2-0: Swinging Strike 2-1: Swinging Strike 2-2: Strikes out looking
|
| Top of the 2nd over - 0 runs, 1 hit, 0 errors, 1 left on base; Danville 0 - Bristol 0 |
| BOTTOM OF THE 2ND |
|
Bristol Pirates batting - Pitching for Danville Braves : LHP Bahrom Mohammad
|
|
Batting: RHB Ricky Alvarado
|
0-0: Ball 1-0: Ball 2-0: Called Strike 2-1: Foul Ball, location: 2F 2-2: Foul Ball, location: 2F 2-2: Ball 3-2: Strikes out swinging
|
|
Batting: RHB Alex Arzate
|
0-0: Ball 1-0: Called Strike 1-1: Foul Ball, location: 2F 1-2: Strikes out swinging
|
|
Batting: LHB Dustin Herman
|
0-0: Called Strike 0-1: Called Strike 0-2: Ball 1-2: Ball 2-2: Ball 3-2: Strikes out swinging
|
| Bottom of the 2nd over - 0 runs, 0 hits, 0 errors, 0 left on base; Danville 0 - Bristol 0 |
| TOP OF THE 3RD |
|
Danville Braves batting - Pitching for Bristol Pirates : RHP Andres Guillen
|
|
Batting: RHB Roman Lauder
|
0-0: Ball 1-0: Called Strike 1-1: Swinging Strike 1-2: Foul Ball, location: 2F 1-2: Strikes out swinging
|
|
Batting: RHB Aaron Sartini
|
0-0: Ground out 4-3 (Groundball, 34, EV 86.2 MPH)
|
|
Batting: RHB Danny Dimas
|
0-0: Ground out 4-3 (Groundball, 4, EV 77.5 MPH)
|
| Top of the 3rd over - 0 runs, 0 hits, 0 errors, 0 left on base; Danville 0 - Bristol 0 |
| BOTTOM OF THE 3RD |
|
Bristol Pirates batting - Pitching for Danville Braves : LHP Bahrom Mohammad
|
|
Batting: SHB Don Hauk
|
0-0: Ball 1-0: Ball 2-0: Called Strike 2-1: Foul Ball, location: 2F 2-2: Strikes out swinging
|
|
Batting: RHB Chris Arroyo
|
0-0: Ball 1-0: Ball 2-0: Fly out, F8 (Line Drive, 8LD, EV 91.9 MPH)
|
|
Batting: SHB Juan Ayala
|
0-0: Ball 1-0: Ground out 5-3 (Groundball, 56S, EV 85.0 MPH)
|
| Bottom of the 3rd over - 0 runs, 0 hits, 0 errors, 0 left on base; Danville 0 - Bristol 0 |
| TOP OF THE 4TH |
|
Danville Braves batting - Pitching for Bristol Pirates : RHP Andres Guillen
|
|
Batting: RHB Vicente Guillen
|
0-0: DOUBLE (Flyball, 89D, EV 96.9 MPH)
|
|
Batting: RHB Carlos Livas
|
0-0: Ball 1-0: SINGLE (Flyball, 34D, EV 88.1 MPH) Vicente Guillen to third
|
|
Batting: LHB Mitsujiro Tanaka
|
0-0: Ball Passed Ball! Vicente Guillen scores Carlos Livas to second 1-0: Ball 2-0: Ball 3-0: Called Strike 3-1: Swinging Strike 3-2: Strikes out swinging
|
|
Batting: RHB Rodolfo Cosme
|
0-0: Ball Carlos Livas steals 3rd, throwing error, E2 Carlos Livas scores 1-0: Ground out 5-3 (Groundball, 56, EV 84.4 MPH)
|
|
Batting: RHB Paul Holland
|
0-0: Ball 1-0: Ball 2-0: Called Strike 2-1: Ball 3-1: Foul Ball, location: 2F 3-2: Base on Balls
|
|
Batting: RHB Roberto Rios
|
0-0: Called Strike 0-1: Ball 1-1: Ball 2-1: Ball 3-1: Called Strike 3-2: Base on Balls Paul Holland to second
|
|
Batting: RHB Roman Lauder
|
0-0: Ball 1-0: Foul Ball, location: 2F 1-1: Ground out U3 (Groundball, 34S, EV 91.2 MPH)
|
| Top of the 4th over - 2 runs, 2 hits, 1 error, 2 left on base; Danville 2 - Bristol 0 |
| BOTTOM OF THE 4TH |
|
Bristol Pirates batting - Pitching for Danville Braves : LHP Bahrom Mohammad
|
|
Batting: RHB Melvin Durland
|
0-0: Called Strike 0-1: Called Strike 0-2: Ball 1-2: Strikes out swinging
|
|
Batting: SHB Ronnie Brooks
|
0-0: SINGLE (Groundball, 5D, EV 104.4 MPH)
|
|
Batting: RHB Rusty Trader
|
0-0: Called Strike 0-1: Ball 1-1: Foul Ball, location: 2F 1-2: Foul Ball, location: 2F 1-2: Foul Ball, location: 2F 1-2: Ball 2-2: Ball Wild Pitch! Ronnie Brooks to second 3-2: Foul Ball, location: 2F 3-2: Fly out, F8 (Flyball, 8LD, EV 104.4 MPH)
|
|
Batting: RHB Ricky Alvarado
|
0-0: 2-RUN HOME RUN (Flyball, 78XD, EV 113.1 MPH), Distance : 426 ft
|
|
Batting: RHB Alex Arzate
|
0-0: Ball 1-0: Swinging Strike 1-1: Called Strike 1-2: Strikes out looking
|
| Bottom of the 4th over - 2 runs, 2 hits, 0 errors, 0 left on base; Danville 2 - Bristol 2 |
| TOP OF THE 5TH |
|
Danville Braves batting - Pitching for Bristol Pirates : RHP Andres Guillen
|
|
Batting: RHB Aaron Sartini
|
0-0: Ball 1-0: Ball 2-0: Swinging Strike 2-1: Called Strike 2-2: Ball 3-2: Strikes out swinging
|
|
Batting: RHB Danny Dimas
|
0-0: Called Strike 0-1: Swinging Strike 0-2: Strikes out swinging
|
|
Batting: RHB Vicente Guillen
|
0-0: Ball 1-0: Foul Ball, location: 2F 1-1: Ball 2-1: Ball 3-1: Foul Ball, location: 2F 3-2: Strikes out swinging
|
| Top of the 5th over - 0 runs, 0 hits, 0 errors, 0 left on base; Danville 2 - Bristol 2 |
| BOTTOM OF THE 5TH |
|
Bristol Pirates batting - Pitching for Danville Braves : LHP Bahrom Mohammad
|
|
Batting: LHB Dustin Herman
|
0-0: Ball 1-0: Ball 2-0: Called Strike 2-1: Swinging Strike 2-2: Ball 3-2: Foul Ball, location: 2F 3-2: Base on Balls
|
|
Batting: SHB Don Hauk
|
0-0: Foul Ball, location: 2F 0-1: DOUBLE (Line Drive, 9LS, EV 95.0 MPH) Dustin Herman to third
|
|
Batting: RHB Chris Arroyo
|
0-0: Fly out, F8 (Line Drive, 8LM, EV 88.8 MPH)
|
|
Batting: SHB Juan Ayala
|
0-0: Called Strike 0-1: Ball 1-1: Ball 2-1: Called Strike 2-2: Ball 3-2: Strikes out swinging
|
|
Batting: RHB Melvin Durland
|
0-0: Foul Ball, location: 2F 0-1: Foul Ball, location: 2F 0-2: Ball 1-2: Ball 2-2: Strikes out swinging
|
| Bottom of the 5th over - 0 runs, 1 hit, 0 errors, 2 left on base; Danville 2 - Bristol 2 |
| TOP OF THE 6TH |
|
Danville Braves batting - Pitching for Bristol Pirates : RHP Andres Guillen
|
|
Batting: RHB Carlos Livas
|
0-0: Foul Ball, location: 2F 0-1: Ball 1-1: Foul Ball, location: 2F 1-2: Ball 2-2: Ball 3-2: SINGLE (Line Drive, 78M, EV 105.6 MPH)
|
|
Batting: LHB Mitsujiro Tanaka
|
0-0: Called Strike 0-1: Ball 1-1: Ball 2-1: Ball 3-1: Called Strike Carlos Livas steals 2nd base 3-2: 2-RUN HOME RUN (Flyball, 9LD, EV 93.1 MPH), Distance : 336 ft
|
|
Pitching: LHP Juan Hernandez
|
|
|
Batting: RHB Rodolfo Cosme
|
0-0: Ball 1-0: Swinging Strike 1-1: Swinging Strike 1-2: Ball 2-2: Strikes out swinging
|
|
Batting: RHB Paul Holland
|
0-0: Ball 1-0: Called Strike 1-1: Fly out, F8 (Flyball, 89M, EV 92.5 MPH)
|
|
Batting: RHB Roberto Rios
|
0-0: Called Strike 0-1: Ball 1-1: Foul Ball, location: 2F 1-2: Strikes out swinging
|
| Top of the 6th over - 2 runs, 2 hits, 0 errors, 0 left on base; Danville 4 - Bristol 2 |
| BOTTOM OF THE 6TH |
|
Bristol Pirates batting - Pitching for Danville Braves : LHP Bahrom Mohammad
|
|
Batting: SHB Ronnie Brooks
|
0-0: Ball 1-0: Fly out, F7 (Flyball, 7LD, EV 103.8 MPH)
|
|
Batting: RHB Rusty Trader
|
0-0: Ball 1-0: Called Strike 1-1: Hit by Pitch
|
|
Batting: RHB Ricky Alvarado
|
0-0: Foul Ball, location: 2F 0-1: Ball 1-1: Ball 2-1: Called Strike 2-2: Strikes out looking
|
|
Batting: RHB Alex Arzate
|
0-0: Foul Ball, location: 2F 0-1: Called Strike 0-2: Ground out U3 (Groundball, 3L, EV 105.0 MPH)
|
| Bottom of the 6th over - 0 runs, 0 hits, 0 errors, 1 left on base; Danville 4 - Bristol 2 |
| TOP OF THE 7TH |
|
Danville Braves batting - Pitching for Bristol Pirates : LHP Juan Hernandez
|
|
Batting: RHB Roman Lauder
|
0-0: Called Strike 0-1: Ball 1-1: Called Strike 1-2: Strikes out swinging
|
|
Batting: RHB Aaron Sartini
|
0-0: Ball 1-0: Called Strike 1-1: Swinging Strike 1-2: Ball 2-2: Strikes out swinging
|
|
Batting: RHB Danny Dimas
|
0-0: Ball 1-0: Foul Ball, location: 2F 1-1: Ground out 5-3 (Groundball, 56S, EV 88.8 MPH)
|
| Top of the 7th over - 0 runs, 0 hits, 0 errors, 0 left on base; Danville 4 - Bristol 2 |
| BOTTOM OF THE 7TH |
|
Bristol Pirates batting - Pitching for Danville Braves : LHP Bahrom Mohammad
|
|
Batting: LHB Dustin Herman
|
0-0: Ball 1-0: Ball 2-0: Foul Ball, location: 2F 2-1: Ball 3-1: Base on Balls
|
|
Batting: SHB Don Hauk
|
0-0: Ball 1-0: Fly out, F8 (Line Drive, 8LM, EV 89.4 MPH)
|
|
Batting: RHB Chris Arroyo
|
0-0: Called Strike 0-1: Foul Ball, location: 2F 0-2: 2-RUN HOME RUN (Flyball, 7D, EV 105.0 MPH), Distance : 396 ft
|
|
Batting: SHB Juan Ayala
|
0-0: Called Strike 0-1: Ball 1-1: Fly out, F7 (Flyball, 7LSF, EV 86.9 MPH)
|
|
Batting: RHB Melvin Durland
|
0-0: Ball 1-0: Called Strike 1-1: SINGLE (Flyball, 4D, EV 89.4 MPH)
|
|
Batting: SHB Ronnie Brooks
|
Pickoff Play to 1st, Runner tries for 2nd, OUT after rundown.
|
| Bottom of the 7th over - 2 runs, 2 hits, 0 errors, 0 left on base; Danville 4 - Bristol 4 |
| TOP OF THE 8TH |
|
Danville Braves batting - Pitching for Bristol Pirates : LHP Juan Hernandez
|
|
Batting: RHB Vicente Guillen
|
0-0: Called Strike 0-1: Called Strike 0-2: Strikes out swinging
|
|
Batting: RHB Carlos Livas
|
0-0: Ground out 2-3 (Groundball, 2L, EV 68.8 MPH)
|
|
Pinch Hitting: RHB Richard Saquic
|
0-0: Ground out 4-3 (Groundball, 34, EV 83.1 MPH)
|
| Top of the 8th over - 0 runs, 0 hits, 0 errors, 0 left on base; Danville 4 - Bristol 4 |
| BOTTOM OF THE 8TH |
|
Bristol Pirates batting - Pitching for Danville Braves : LHP Bahrom Mohammad
|
|
Now in LF: James Anderson
|
|
|
Batting: SHB Ronnie Brooks
|
0-0: Ball 1-0: Ball 2-0: Ball 3-0: Called Strike 3-1: Called Strike 3-2: Foul Ball, location: 2F 3-2: Base on Balls
|
|
Pitching: RHP Jason Barber
|
|
|
Pinch Hitting: LHB Josh Aerni
|
0-0: Foul Ball, location: 2F 0-1: Foul Ball, location: 2F 0-2: Hit by Pitch Ronnie Brooks to second
|
|
Batting: RHB Ricky Alvarado
|
0-0: Grounds into double play, 6-4-3 (Groundball, 6S, EV 80.0 MPH) Ronnie Brooks to third
|
|
Batting: RHB Alex Arzate
|
0-0: Foul Ball, location: 2F 0-1: Swinging Strike 0-2: Strikes out swinging
|
| Bottom of the 8th over - 0 runs, 0 hits, 0 errors, 1 left on base; Danville 4 - Bristol 4 |
| TOP OF THE 9TH |
|
Danville Braves batting - Pitching for Bristol Pirates : LHP Juan Hernandez
|
|
Now in LF: Jon Solis
|
|
|
Now in RF: Melvin Durland
|
|
|
Batting: RHB Rodolfo Cosme
|
0-0: Ball 1-0: Foul Ball, location: 2F 1-1: SINGLE (Groundball, 6D, EV 98.1 MPH)
|
|
Batting: RHB Paul Holland
|
0-0: Sac Bunt to P - play at first, batter OUT! 1-3 Rodolfo Cosme to second
|
|
Batting: RHB Roberto Rios
|
0-0: Intentional Walk
|
|
Batting: LHB Diego Garcia
|
0-0: Ball 1-0: Ball 2-0: Ball 3-0: Called Strike 3-1: Base on Balls Rodolfo Cosme to third Roberto Rios to second
|
|
Pinch Hitting: LHB Ivan Castillo
|
0-0: Ball 1-0: Called Strike 1-1: Ball 2-1: Ball 3-1: Base on Balls Rodolfo Cosme scores Roberto Rios to third Diego Garcia to second
|
|
Pitching: RHP Otok Barleyfoot
|
|
|
Batting: RHB Danny Dimas
|
0-0: Fly out, F9 (Flyball, 9, EV 80.0 MPH)
|
|
Batting: RHB Vicente Guillen
|
0-0: Ball 1-0: Swinging Strike 1-1: Ball 2-1: Swinging Strike 2-2: Foul Ball, location: 2F 2-2: Ball 3-2: Foul Ball, location: 2F 3-2: Strikes out looking
|
| Top of the 9th over - 1 run, 1 hit, 0 errors, 3 left on base; Danville 5 - Bristol 4 |
| BOTTOM OF THE 9TH |
|
Bristol Pirates batting - Pitching for Danville Braves : RHP Jason Barber
|
|
Pitching: RHP Orlando Mosqueda
|
|
|
Now at 2B: Ivan Castillo
|
|
|
Now at 3B: Paul Holland
|
|
|
Now at SS: Vicente Guillen
|
|
|
Now in CF: Danny Dimas
|
|
|
Now in RF: Mennad Maalik
|
|
|
Batting: LHB Dustin Herman
|
0-0: Called Strike 0-1: Called Strike 0-2: Ball 1-2: Strikes out looking
|
|
Batting: SHB Don Hauk
|
0-0: Swinging Strike 0-1: Foul Ball, location: 2F 0-2: Foul Ball, location: 2F 0-2: Ball 1-2: Ball 2-2: Strikes out looking
|
|
Batting: RHB Chris Arroyo
|
0-0: Ball 1-0: Swinging Strike 1-1: Ball 2-1: Foul Ball, location: 2F 2-2: Ball 3-2: Ground out 6-3 (Groundball, 56S, EV 76.2 MPH)
|
| Bottom of the 9th over - 0 runs, 0 hits, 0 errors, 0 left on base; Danville 5 - Bristol 4 |
|